 Dungeon Crawl Stone Soup version 0.23.2-30-g0e89c35649 (webtiles) character file.

Game seed: 10137326029306334231

6838 Kairos the Covert (level 10, -3/92 HPs)
             Began as a Deep Dwarf Assassin on June 11, 2019.
             Was a Follower of Uskayaw.
             Slain by an orc warrior
             ... wielding a +4 flail
              (7 damage)
             ... on level 9 of the Dungeon.
             The game lasted 00:17:03 (8399 turns).

Kairos the Covert (Deep Dwarf Assassin)             Turns: 8399, Time: 00:17:04

Health: -3/92      AC: 11    Str: 14    XL:     10   Next: 77%
Magic:  9/9 (0)    EV: 13    Int: 13    God:    Uskayaw [*.....]
Gold:   510        SH:  5    Dex: 17    Spells: 9/9 levels left

rFire    . . .     SeeInvis .   A - +1 short sword (venom)
rCold    . . .     Gourm    .   k - +0 buckler
rNeg     . . .     Faith    .   J - +3 scale mail
rPois    .         Spirit   .   (no helmet)
rElec    .         Reflect  .   d - +0 cloak
rCorr    .         Harm     .   (no gloves)
MR       +....                  (no boots)
Stlth    +++.......             L - amulet of the acrobat
HPRegen  0.00/turn              K - ring of flight
MPRegen  0.11/turn              y - ring of magical power

@: non-regenerating
A: damage resistance, heal wounds, sense surroundings 2, no regeneration
a: Heal Wounds, Stomp, Renounce Religion, Evoke Flight


You were on level 9 of the Dungeon.
You worshipped Uskayaw.
Uskayaw was noncommittal.
You were full.

You visited 2 branches of the dungeon, and saw 10 of its levels.

You collected 510 gold pieces.

Inventory:

Hand Weapons
 a - a +2 dagger
 b - a +0 blowgun
 A - a +1 short sword of venom (weapon)
 B - a +2 dagger of holy wrath
Missiles
 e - 22 poisoned needles
 f - 2 curare-tipped needles
Armour
 c - a +0 robe
 d - a +0 cloak (worn)
 k - a +0 buckler (worn)
 J - a +3 scale mail (worn)
Jewellery
 p - an uncursed ring of ice
 y - a ring of magical power (right hand)
 I - an uncursed ring of fire
 K - a ring of flight (left hand)
 L - an amulet of the acrobat (around neck)
Wands
 z - a wand of iceblast (7)
 D - a wand of random effects (20)
 G - a wand of flame (45)
Scrolls
 i - 2 scrolls of teleportation
 l - 3 scrolls of enchant armour {unknown}
 n - 2 scrolls of immolation {unknown}
 o - a scroll of enchant weapon {unknown}
 q - 3 scrolls of fear {unknown}
 t - a scroll of amnesia {unknown}
 v - 8 scrolls of identify
 w - 2 scrolls of blinking {unknown}
 x - 2 scrolls of magic mapping {unknown}
 C - 2 scrolls of remove curse
 E - a scroll of vulnerability {unknown}
 M - a scroll of fog {unknown}
Potions
 h - 5 potions of curing
 j - a potion of haste {unknown}
 m - a potion of berserk rage
 r - 3 potions of agility {unknown}
 s - a potion of brilliance {unknown}
 u - 2 potions of flight {unknown}
 F - a potion of cancellation {unknown}
 H - a potion of lignification {unknown}
Comestibles
 g - 11 rations


   Skills:
 + Level 6.3 Fighting
 + Level 8.7 Short Blades
 + Level 2.8 Throwing
 + Level 5.2 Armour
 + Level 6.9 Dodging
 + Level 10.9 Stealth
 + Level 4.3 Shields


You had 9 spell levels left.
You didn't know any spells.
Your spell library contained the following spells:

 Spells                   Type           Power        Failure   Level  Hunger
 Beastly Appendage        Tmut           #.....       75%         1    ##.....
 Magic Dart               Conj           #...         75%         1    ##.....
 Blink                    Tloc           N/A          87%         2    ###....
 Call Imp                 Summ           #.......     87%         2    ###....
 Slow                     Hex            #.......     87%         2    ###....
 Sticks to Snakes         Tmut           #.......     87%         2    ###....
 Conjure Flame            Conj/Fire      #.......     98%         3    ####...
 Mephitic Cloud           Conj/Pois/Air  #.......     98%         3    ####...
 Spider Form              Tmut/Pois      #.........   98%         3    ####...
 Ice Form                 Ice/Tmut       #.......     100%        4    #####..
 Blade Hands              Tmut           #.........   100%        5    ######.


Dungeon Overview and Level Annotations

Branches:
Dungeon (9/15)             Temple (1/1) D:5            Lair (0/6) D:9
    Orc: D:9-12

Altars:
Ashenzari
Cheibriados
Dithmenos
Elyvilon
Fedhas
Gozag
Hepliaklqana
Kikubaaqudgha
Makhleb
Nemelex Xobeh
Okawaru
Qazlal
Ru
Sif Muna
Trog
Uskayaw
Vehumet
Wu Jian
Xom
Yredelemnul
Zin
The Shining One

Shops:
D:9 *


Innate Abilities, Weirdness & Mutations

You are resistant to damage.
You can heal yourself by infusing magical energy.
You passively map the area around you.
You do not regenerate.


Message History

You barely miss the orc warrior.
The orc wizard hits you but does no damage.
The orc warrior closely misses you.
You hit the orc warrior.
The orc warrior is moderately wounded.
The orc wizard misses you.
You hit the orc warrior but do no damage.
The orc warrior is moderately wounded.
You block the orc wizard's attack.
The orc warrior hits you with a +4 flail!
* * * LOW HITPOINT WARNING * * *
The crimson imp blinks!
You barely miss the orc warrior.
The orc warrior is moderately wounded.
The orc wizard closely misses you.
You barely miss the orc warrior.
The orc warrior is moderately wounded.
The orc wizard barely misses you.
The orc warrior hits you with a +4 flail!
You die...

##.### ##.....
##......
###########.......
#.)(((............
#(#########....†..
#.# * ###..... #o#
*, ,###... #@#
*,,, , ,, ##.. #o#
,, #.. #5# , , ,
##. #o# ≈, #. #o#
,,≈, , * ,#.
#O'.y.≈yy ***** +.
###..[≈.) , , *
*o..≈.. , *..... ,
,**


You could see an orc warrior, an ogre (wandering), an orc wizard, a crimson imp
and 2 orcs.

Vanquished Creatures
  Prince Ribbit (D:5)
  A hippogriff (D:7)
  2 wyverns (D:8)
  6 yaks (D:9)
  2 hungry ghosts
  Edmund (D:6)
  Duvessa (D:6)
  A sky beast (D:8)
  A black bear (D:7)
  3 ice beasts
  2 phantoms
  A necrophage (D:5)
  3 orc warriors
  4 ogres
  7 centaurs
  2 big kobolds
  7 bullfrogs
  A water moccasin zombie (D:7)
  Dowan (D:6)
  6 scorpions
  6 killer bees (D:6)
  3 wights
  2 howler monkeys
  4 crimson imps
  A quasit (D:7)
  6 hounds
  A jelly (D:5)
  6 orc priests
  Crazy Yiuf (D:6)
  9 orc wizards
  2 bullfrog skeletons
  A centaur skeleton (D:9)
  5 iguanas
  5 worker ants
  Natasha (D:2)
  A hound zombie (D:5)
  A hound skeleton (D:4)
  4 gnolls (D:5)
  12 adders
  2 howler monkey skeletons
  4 shadow imps
  An ooze (D:1)
  An adder zombie (D:7)
  2 adder skeletons
  4 worms
  A dart slug (D:5)
  8 leopard geckos
  25 orcs
  12 bats
  6 giant cockroaches
  10 goblins
  13 hobgoblins
  9 jackals
  4 quokkas
  7 ball pythons
  5 frilled lizards
  A jackal skeleton (D:4)
  8 kobolds
  A quokka skeleton (D:5)
  10 rats
258 creatures vanquished.

Notes
Turn   | Place    | Note
-------+----------+-------------------------------------------
     0 | D:1      | Kairos the Deep Dwarf Assassin began the quest for the Orb.
     0 | D:1      | Reached XP level 1. HP: 19/19 MP: 1/1
    46 | D:1      | Reached skill level 5 in Stealth
   101 | D:1      | Reached XP level 2. HP: 21/26 MP: 2/2
   333 | D:1      | Reached XP level 3. HP: 20/32 MP: 3/3
   919 | D:2      | Found an opulent altar of Gozag.
   984 | D:2      | Found a faded altar of an unknown god.
  1262 | D:2      | Noticed Natasha
  1265 | D:2      | Killed Natasha
  1265 | D:2      | Reached skill level 6 in Stealth
  1265 | D:2      | Reached XP level 4. HP: 24/39 MP: 4/4
  2195 | D:3      | Reached XP level 5. HP: 41/45 MP: 5/5
  2736 | D:4      | Noticed an ogre
  2810 | D:4      | Killed an ogre
  2810 | D:4      | Reached XP level 6. HP: 19/55 MP: 5/5
  3034 | D:4      | Reached skill level 7 in Stealth
  3127 | D:4      | HP: 1/55 [orc priest/divine providence (11)]
  3134 | D:4      | Reached skill level 1 in Shields
  3245 | D:4      | Reached XP level 7. HP: 25/61 MP: 5/5
  3703 | D:5      | Entered Level 5 of the Dungeon
  3853 | D:5      | Found a staircase to the Ecumenical Temple.
  3965 | D:5      | Noticed Prince Ribbit
  3972 | D:5      | Killed Prince Ribbit
  3972 | D:5      | Reached skill level 5 in Short Blades
  3972 | D:5      | Reached XP level 8. HP: 69/69 MP: 5/5
  4035 | D:5      | Found a glowing golden altar of the Shining One.
  4291 | D:5      | Found a white marble altar of Elyvilon.
  4494 | Temple   | Entered the Ecumenical Temple
  4605 | Temple   | Became a worshipper of Uskayaw the Reveler
  4708 | D:6      | Reached * piety under Uskayaw
  4713 | D:6      | Reached ** piety under Uskayaw
  4718 | D:6      | Reached skill level 8 in Stealth
  4723 | D:6      | Reached *** piety under Uskayaw
  4948 | D:6      | Reached skill level 5 in Dodging
  5060 | D:6      | Reached **** piety under Uskayaw
  5070 | D:6      | Gained mutation: You passively map the area around you.
                  | [Deep Dwarf growth]
  5070 | D:6      | Reached XP level 9. HP: 53/79 MP: 4/4
  5070 | D:6      | Reached ***** piety under Uskayaw
  5110 | D:6      | Noticed Edmund
  5114 | D:6      | Killed Edmund
  5136 | D:6      | Reached skill level 9 in Stealth
  5241 | D:6      | Noticed Dowan
  5245 | D:6      | Noticed Duvessa
  5255 | D:6      | Killed Dowan
  5295 | D:6      | Killed Duvessa
  5621 | D:6      | Found a runed translucent door.
  5622 | D:6      | Noticed Crazy Yiuf
  6000 | D:6      | Killed Crazy Yiuf
  6211 | D:7      | Reached skill level 5 in Fighting
  6234 | D:7      | Reached skill level 10 in Stealth
  6832 | D:8      | Reached skill level 1 in Armour
  6849 | D:8      | Reached XP level 10. HP: 57/88 MP: 5/5
  7925 | D:9      | Found a blossoming altar of Fedhas.
  7981 | D:9      | HP: 4/91 [yak (5)]
  8018 | D:9      | Found Abag's General Store.
  8114 | D:9      | Found a staircase to the Lair.
  8156 | D:9      | Reached skill level 5 in Armour
  8397 | D:9      | HP: 4/92 [orc warrior/+4 flail (5)]
  8399 | D:9      | Slain by an orc warrior

Skill      XL: |  1  2  3  4  5  6  7  8  9 10 |
---------------+-------------------------------+-----
Stealth        | 5 6 7 8 10 | 10.9
Short Blades   | 2 3 4 5 6 7 8 |  8.7
Dodging        | 2 4 5 6 |  6.9
Fighting       | 2 3 4 5 6 |  6.3
Throwing       | 2 |  2.8
Shields        | 1 2 3 4 |  4.3
Armour         | 1 5 |  5.2

Action                   |  1- 3 |  4- 6 |  7- 9 | 10-12 || total
-------------------------+-------+-------+-------+-------++-------
Melee: Dagger            |   140 |   323 |    97 |    22 ||   582
       Short sword       |       |       |   470 |   449 ||   919
 Fire: Blowgun           |       |     8 |       |     3 ||    11
 Abil: Heal Wounds       |       |    11 |    20 |    13 ||    44
  Use: Scroll            |     2 |     4 |       |       ||     6
 Stab: Sleeping          |    15 |    16 |    28 |     3 ||    62
       Paralysed         |       |       |     5 |     4 ||     9
       Invisible         |       |       |     1 |       ||     1
  Eat: Chunk             |     1 |     6 |    10 |       ||    17
       Ration            |       |       |     2 |     5 ||     7
Armor: Robe              |    66 |    43 |    29 |       ||   138
       Scale mail        |       |       |    28 |   120 ||   148
Dodge: Dodged            |   131 |   130 |   241 |   189 ||   691
Block: Buckler           |       |    34 |    67 |    65 ||   166
